 Dungeon Crawl Stone Soup version 0.21.1-1-g345015f (webtiles) character file.

58127 empire the Severer (level 14, -8/153 HPs)
             Began as a Minotaur Fighter on Apr 27, 2018.
             Was the Champion of Cheibriados.
             Mangled by a death knight
             ... wielding a +2 great mace
              (13 damage)
             ... on level 15 of the Dungeon.
             The game lasted 00:49:15 (15078 turns).

empire the Severer (Minotaur Fighter)              Turns: 15078, Time: 00:49:16

Health: -8/153     AC: 32    Str: 44    XL:     14   Next: 48%
Magic:  20/20      EV:  2    Int: 21    God:    Cheibriados [******]
Gold:   575        SH:  0    Dex: 26    Spells: 11/17 levels left

rFire    . . .     SeeInvis .   b - +6 broad axe (chop)
rCold    . . .     Gourm    .   W - +1 shield
rNeg     + + +     Faith    .   (armour currently unavailable)
rPois    +         Spirit   .   (helmet currently unavailable)
rElec    .         Reflect  .   (cloak currently unavailable)
rCorr    .         Harm     .   (gloves currently unavailable)
MR       +....     NoTele   +   (boots currently unavailable)
Stlth    +.........             (no amulet)
HPRegen  0.35/turn              n - +5 ring of protection
MPRegen  0.17/turn              I - ring of poison resistance

@: confused, mighty, tree-form, invisible, very slow
A: (retaliatory headbutt)
a: Bend Time, Temporal Distortion, Slouch, Step From Time, Renounce Religion


You were on level 15 of the Dungeon.
You worshipped Cheibriados.
Cheibriados was exalted by your worship.
You were not hungry.
You were a tree.
You visited 3 branches of the dungeon, and saw 17 of its levels.
You also visited: Labyrinth, Bailey and Ice Cave.

You collected 1089 gold pieces.
You spent 514 gold pieces at shops.

Inventory:

Hand Weapons
 b - a +6 broad axe of chopping (weapon)
 y - a +3 scimitar of flaming
 z - a +0 great mace
 Q - a +0 great sword of flaming
Armour
 q - +2 acid dragon scales
 s - the +2 pair of boots of Protective Custody (melded) {+Blink +Fly rCorr Int-4}
   (You bought it in a shop on level 11 of the Dungeon)

   It affects your intelligence (-4).
   It lets you fly.
   It lets you blink.
   It protects you from acid and corrosion.
 D - +2 acid dragon scales
 U - a +0 plate armour (melded)
 W - a +1 shield (worn)
 X - a +1 cloak (melded)
 Z - a +1 pair of gloves (melded)
Magical Staves
 L - an uncursed staff of poison {unknown}
 N - an uncursed staff of air {unknown}
Jewellery
 m - a cursed -4 ring of protection
 n - a +5 ring of protection (left branch)
 A - the ring "Wusot" {Wiz rPois, unknown}
   (You took it off a minotaur in a labyrinth)

   [ring of wizardry]

   It improves your spell success rate.
   It protects you from poison.
 B - the ring of Itsaudig {Ice *Corrode +Blink Slay+5 Stlth-}
   (You found it in a labyrinth)

   [ring of ice]

   It enhances your ice magic.
   It affects your accuracy and damage with ranged weapons and melee attacks
   (+5).
   It makes you vulnerable to fire.
   It protects you from cold.
   It lets you blink.
   It may corrode you when you take damage.
   It makes you less stealthy.
 E - the ring "Meexyq" {-Tele rC+ MP+9 Str+2, unknown}
   (You found it in a labyrinth)

   [ring of magical power]

   It affects your strength (+2).
   It protects you from cold.
   It affects your magic capacity (+9).
   It prevents most forms of teleportation.
 G - an uncursed amulet of harm {unknown}
 H - the ring of Iblomog {rElec Slay+1, unknown}
   (You found it in a labyrinth)

   [ring of slaying]

   It affects your accuracy and damage with ranged weapons and melee attacks
   (+1).
   It insulates you from electricity.
 I - a ring of poison resistance (right branch)
 S - an uncursed ring of poison resistance
Wands
 e - a wand of clouds (3)
 k - a wand of acid (4)
 p - a wand of flame (59)
 r - a wand of digging (15)
 u - a wand of enslavement (47)
 M - a wand of iceblast (1)
 P - a wand of polymorph (36)
Scrolls
 a - a scroll of blinking {unknown}
 c - 11 scrolls of remove curse
 g - 4 scrolls of immolation
 l - 5 scrolls of identify
 o - 8 scrolls of teleportation
 w - 2 scrolls of noise
 C - a scroll of fear
 V - a scroll of summoning {unknown}
Potions
 d - 2 potions of might
 h - 2 potions of curing {unknown}
 j - a potion of flight
 t - 2 potions of ambrosia
 J - a potion of invisibility
 R - 2 potions of agility {unknown}
Books
 v - the Grimoire of the Glacier and the Entourage
   (You found it in a bailey)

   Spells                             Type                      Level
   a - Ensorcelled Hibernation        Hexes/Ice                    2
   b - Call Imp                       Summoning                    2
   c - Summon Guardian Golem          Hexes/Summoning              3
   d - Recall                         Summoning/Translocation      3
   e - Throw Icicle                   Conjuration/Ice              4
   f - Metabolic Englaciation         Hexes/Ice                    5
 F - the Collected Works on Igneous Flight
   (You found it in a labyrinth)

   Spells                             Type                      Level
   a - Flame Tongue                   Conjuration/Fire             1
   b - Shock                          Conjuration/Air              1
   c - Throw Flame                    Conjuration/Fire             2
   d - Conjure Flame                  Conjuration/Fire             3
   e - Ignite Poison                  Fire/Transmutation/Poison    3
   f - Airstrike                      Air                          4
   g - Freezing Cloud                 Conjuration/Ice/Air          6
Miscellaneous
 i - a lamp of fire
 K - a phantom mirror
 O - a lamp of fire
Comestibles
 f - 27 rations
 T - 10 chunks of flesh


   Skills:
 - Level 3.6 Fighting
 * Level 15.9 Axes
 + Level 12.2 Armour
 + Level 10.8 Dodging
 + Level 12.2 Shields
 - Level 2.0 Spellcasting
 + Level 9.5 Invocations
 + Level 8.6 Evocations


You had 11 spell levels left.
You knew the following spells:

 Your Spells              Type           Power        Failure   Level  Hunger
a - Blink                 Tloc           N/A          30%         2    ##.....
b - Call Imp              Summ           #.......     30%         2    ##.....
c - Shroud of Golubria    Chrm/Tloc      #.........   30%         2    ##.....


Dungeon Overview and Level Annotations

Branches:
Dungeon (15/15)            Temple (1/1) D:4            Lair (1/6) D:10
    Orc (0/2) D:12         Vaults (0/5) D:14         Depths (0/5) D:15

Altars:
Ashenzari
Cheibriados
Dithmenos
Elyvilon
Fedhas
Gozag
Hepliaklqana
Kikubaaqudgha
Makhleb
Nemelex Xobeh
Okawaru
Qazlal
Ru
Sif Muna
Trog
Uskayaw
Vehumet
Wu Jian
Xom
Yredelemnul
Zin
The Shining One

Shops:
D:5 ?   D:11 [   D:15 ==


Innate Abilities, Weirdness & Mutations

((You reflexively headbutt those who attack you in melee.))
((You have a pair of horns on your head.))


Message History

Your +0 plate armour melds into your body.
Your roots penetrate the ground.
The death knight hits you with an enchanted great mace!
* * * LOW HITPOINT WARNING * * *
You are confused.
You feel invigorated.
Unknown command.
You feel very mighty all of a sudden.
The death knight hits you with an enchanted great mace!
* * * LOW HITPOINT WARNING * * *
Unknown command.
You cannot move. (Use ctrl+direction to attack without moving.)
You cannot move. (Use ctrl+direction to attack without moving.) Unknown command.
You nearly hit yourself!
The death knight hits you with an enchanted great mace.
* * * LOW HITPOINT WARNING * * *
You fade into invisibility!
The death knight hits you with an enchanted great mace!
You die...

####........#
####.#.### .#
#.#.# #..# ##.#.##
(.# #.....# ..##
##..#.# ... ##.#.#
#.#
#..(.#######.##
##.#.#.(##..♣...#
#.....§§.(...p#.##
..#..§§≈.≈.§..#.#
###....§§#§≈.....#
#.§.#≈§≈§≈#.≈÷.#
#.§≈§§§≈≈≈≈≈...#
#.§§≈§§§.≈≈≈§..#
...#≈§§>..§§§§.#
.≈≈≈≈...≈§§...#


You could see a death knight.

Vanquished Creatures
  A frost giant (IceCv)
  A fire giant (D:15)
  A minotaur (Lab)
  An ice dragon (D:14)
  Erica (D:11)
  5 centaur warriors
  4 two-headed ogres
  The ghost of inc the Blocker, a journeyman OpFi of Okawaru (D:11)
  A tengu warrior (D:13)
  A death yak (IceCv)
  Urug (D:12)
  Sonja (D:11)
  12 skeletal warriors
  A fire crab (shapeshifter) (D:14)
  An unseen horror (shapeshifter) (D:14)
  A deep troll (D:14)
  2 orc knights (Bailey)
  A wolf spider zombie (D:14)
  4 cyclopes
  An ugly thing (D:11)
  An orc sorcerer (Bailey)
  2 manticores
  An ice statue (IceCv)
  6 gargoyles
  Psyche (D:10)
  A spiny frog (shapeshifter) (D:15)
  2 rime drakes (IceCv)
  Joseph (D:10)
  A kobold demonologist (Bailey)
  A komodo dragon (D:13)
  2 freezing wraiths (D:14)
  An efreet (D:14)
  A tengu conjurer (D:13)
  A harpy skeleton (D:15)
  13 polar bears (IceCv)
  A queen bee (D:11)
  The ghost of Verendum the Spear-Bearer, an amateur MfGl (D:3)
  A blink frog (shapeshifter) (D:14)
  3 trolls
  Grinder (D:5)
  2 hornets
  A meliai zombie (D:13)
  8 slime creatures
  2 hippogriffs
  A vampire (D:15)
  A redback (shapeshifter) (D:14)
  4 shadows
  A spriggan (D:9)
  42 yaks
  2 wyverns
  2 wraiths
  3 hungry ghosts
  4 vampire mosquitoes (D:12)
  A steam dragon (D:10)
  Edmund (D:6)
  An acid dragon (D:14)
  6 swamp worms (D:13)
  A warg (D:12)
  2 water moccasins
  A porcupine (D:10)
  A soldier ant (D:11)
  A black bear (D:10)
  3 sky beasts
  4 eyes of draining
  5 ogres
  13 orc warriors
  14 ice beasts
  2 phantoms
  A necrophage (D:10)
  12 centaurs
  14 wolves (IceCv)
  A crocodile (D:10)
  Blork the orc (D:5)
  A big kobold (D:11)
  7 bullfrogs
  A wyvern zombie (D:9)
  A water moccasin skeleton (D:9)
  3 scorpions
  16 killer bees
  13 wights
  10 electric eels
  2 bullfrog zombies
  5 crimson imps
  A centaur zombie (D:7)
  4 hounds
  A quasit (D:12)
  3 bullfrog skeletons
  7 orc priests
  3 centaur skeletons
  7 jellies
  9 orc wizards
  4 iguanas
  8 worker ants
  2 hound zombies
  4 hound skeletons
  A howler monkey zombie (D:9)
  2 worker ant zombies
  7 gnolls
  9 adders
  5 shadow imps
  2 oozes
  2 adder skeletons
  20 worms
  2 dart slugs
  5 leopard geckos
  51 orcs
  7 bats
  4 giant cockroaches
  19 goblins
  14 hobgoblins
  3 jackals (D:1)
  8 quokkas
  4 frilled lizards
  11 kobolds
  3 leopard gecko skeletons (D:4)
  A leopard gecko zombie (D:5)
  A quokka zombie (D:7)
  4 rats
  6 fungi (D:10)
  5 plants (D:10)
550 creatures vanquished.

Vanquished Creatures (others)
  A centaur (D:13)
  9 fungi (D:10)
  4 plants
14 creatures vanquished.

Grand Total: 564 creatures vanquished

Notes
Turn   | Place    | Note
-------+----------+-------------------------------------------
     0 | D:1      | empire the Minotaur Fighter began the quest for the Orb.
     0 | D:1      | Reached XP level 1. HP: 19/19 MP: 0/0
   309 | D:1      | Reached XP level 2. HP: 23/26 MP: 1/1
   415 | D:1      | Reached skill level 3 in Axes
   496 | D:1      | Reached skill level 1 in Dodging
   894 | D:1      | Reached XP level 3. HP: 31/31 MP: 2/2
  1137 | D:2      | Found a sparkling altar of Nemelex Xobeh.
  1275 | D:2      | Found a hide-covered altar of Uskayaw.
  1282 | D:2      | Reached XP level 4. HP: 29/39 MP: 3/3
  1306 | D:2      | Noticed a dagger
  1307 | D:2      | Noticed a hand axe
  1317 | D:2      | Learned a level 2 spell: Blink
  1723 | D:2      | Reached skill level 4 in Axes
  2279 | D:3      | Found a deep blue altar of Sif Muna.
  2396 | D:3      | Noticed Verendum's ghost (amateur MfGl)
  2538 | D:4      | Reached XP level 5. HP: 27/45 MP: 4/4
  2556 | D:4      | Identified Fymnirghi's Collected Works on Venomous Aid
  2597 | D:4      | Reached skill level 5 in Axes
  2811 | D:4      | Reached XP level 6. HP: 51/51 MP: 5/5
  3194 | D:4      | Found a staircase to the Ecumenical Temple.
  3209 | Temple   | Entered the Ecumenical Temple
  3262 | Temple   | Became a worshipper of Cheibriados the Contemplative
  3280 | D:4      | Reached skill level 5 in Armour
  3280 | D:4      | Reached skill level 5 in Shields
  3410 | D:5      | Entered Level 5 of the Dungeon
  3431 | D:5      | Noticed Blork the orc
  3438 | D:5      | Killed Blork the orc
  3444 | D:5      | You fall through a shaft for 2 floors!
  3513 | D:5      | Found Kuodady's Magic Scroll Emporium.
  3531 | D:5      | Bought a scroll of identify for 22 gold pieces
  3531 | D:5      | Bought a scroll of remove curse for 33 gold pieces
  3531 | D:5      | Bought a scroll of holy word for 82 gold pieces
  3531 | D:5      | Bought a scroll of immolation for 38 gold pieces
  3575 | D:5      | Found a sacrificial altar of Ru.
  3607 | D:5      | Reached skill level 6 in Axes
  3607 | D:5      | Reached XP level 7. HP: 20/57 MP: 6/6
  3941 | D:5      | Found a hazy altar of Hepliaklqana.
  4006 | D:5      | Reached * piety under Cheibriados
  4192 | D:5      | Noticed Grinder
  4209 | D:5      | Paralysed by Grinder for 2 turns
  4213 | D:5      | Killed Grinder
  4213 | D:5      | Reached skill level 1 in Invocations
  4213 | D:5      | Reached skill level 1 in Evocations
  4315 | D:5      | Reached skill level 7 in Axes
  4336 | D:5      | Reached XP level 8. HP: 56/64 MP: 8/8
  4478 | D:6      | Found an ancient bone altar of Kikubaaqudgha.
  4528 | D:6      | Found an iron altar of Okawaru.
  4529 | D:6      | Noticed Edmund
  4538 | D:6      | Killed Edmund
  4737 | D:6      | Reached skill level 8 in Axes
  4801 | D:6      | Found a glowing silver altar of Zin.
  4802 | D:6      | Found an iron altar of Okawaru.
  4935 | D:7      | Reached ** piety under Cheibriados
  5042 | D:7      | Reached skill level 5 in Dodging
  5122 | D:7      | Reached XP level 9. HP: 70/70 MP: 10/10
  5274 | D:7      | Found a radiant altar of Vehumet.
  5676 | D:8      | Found a shimmering altar of Xom.
  5799 | D:8      | Reached skill level 9 in Axes
  5876 | D:8      | Reached *** piety under Cheibriados
  6573 | D:9      | Reached XP level 10. HP: 77/77 MP: 12/12
  6577 | D:9      | Reached skill level 10 in Axes
  6579 | D:9      | Reached **** piety under Cheibriados
  6709 | D:10     | Entered Level 10 of the Dungeon
  6739 | D:10     | Noticed a cyclops
  6740 | D:10     | Noticed Psyche
  6748 | D:10     | Killed Psyche
  6751 | D:10     | Killed a cyclops
  6881 | D:10     | Reached skill level 5 in Invocations
  6889 | D:10     | Noticed Joseph
  6899 | D:10     | Killed Joseph
  7114 | Temple   | Learned a level 2 spell: Call Imp
  7117 | Temple   | Learned a level 2 spell: Shroud of Golubria
  7272 | D:10     | Noticed a two-headed ogre
  7278 | D:10     | Killed a two-headed ogre
  7328 | D:10     | Reached skill level 11 in Axes
  7339 | D:10     | Reached ***** piety under Cheibriados
  7509 | D:10     | Reached skill level 1 in Spellcasting
  7518 | D:10     | Reached XP level 11. HP: 54/82 MP: 9/14
  7559 | D:10     | Reached skill level 5 in Evocations
  7570 | D:10     | Found a staircase to the Lair.
  7580 | Lair:1   | Entered Level 1 of the Lair of Beasts
  7963 | D:11     | Noticed inc's ghost (journeyman OpFi)
  7987 | D:11     | Killed inc's ghost
  7993 | D:11     | Found Vaoh's Antique Armour Shop.
  8008 | D:11     | Noticed a white ugly thing
  8020 | D:11     | Killed a white ugly thing
  8026 | D:11     | Bought a pair of faintly glowing boots for 218 gold pieces
  8202 | D:3      | Killed Verendum's ghost
  8572 | D:5      | Bought a scroll of identify for 22 gold pieces
  8572 | D:5      | Bought a scroll of identify for 22 gold pieces
  8572 | D:5      | Bought a scroll of identify for 22 gold pieces
  8572 | D:5      | Bought a scroll of remove curse for 33 gold pieces
  8572 | D:5      | Bought a scroll of identify for 22 gold pieces
  8572 | D:5      | Identified the +2 pair of boots of Protective Custody {+Blink +Fly rCorr Int-4} (You bought it in a shop on level 11 of the Dungeon)
  8579 | D:5      | Identified a scroll of acquirement
  9031 | D:11     | Noticed Sonja
  9035 | D:11     | Killed Sonja
  9149 | D:11     | Noticed Erica
  9158 | D:11     | Killed Erica
  9158 | D:11     | Reached skill level 12 in Axes
  9211 | D:11     | Noticed a two-headed ogre
  9213 | D:11     | Killed a two-headed ogre
  9570 | D:12     | Found a staircase to the Orcish Mines.
  9570 | D:12     | Noticed a skeletal warrior
  9570 | D:12     | Noticed a skeletal warrior
  9570 | D:12     | Noticed a skeletal warrior
  9570 | D:12     | Noticed a skeletal warrior
  9577 | D:12     | Killed a skeletal warrior
  9577 | D:12     | Killed a skeletal warrior
  9577 | D:12     | Killed a skeletal warrior
  9577 | D:12     | Reached XP level 12. HP: 55/90 MP: 8/16
  9598 | D:12     | Reached skill level 10 in Shields
  9611 | D:12     | Reached skill level 10 in Armour
  9648 | D:12     | Reached skill level 13 in Axes
  9652 | D:12     | Found a frozen archway.
  9694 | IceCv    | Entered an ice cave
  9819 | IceCv    | Reached ****** piety under Cheibriados
 10015 | IceCv    | Noticed a death yak
 10031 | IceCv    | Killed a death yak
 10076 | IceCv    | Noticed a frost giant
 10083 | IceCv    | Reached skill level 14 in Axes
 10085 | IceCv    | Reached XP level 13. HP: 40/95 MP: 15/17
 10094 | IceCv    | Killed a frost giant
 10158 | IceCv    | Identified the Almanac of Mutagenic Ice
 11245 | D:12     | Noticed Urug
 11255 | D:12     | Killed Urug
 12210 | D:13     | Reached skill level 10 in Dodging
 13038 | D:14     | Reached skill level 15 in Axes
 13086 | D:14     | Found a gate to the Vaults.
 13139 | D:14     | Found a flagged portal.
 13220 | Bailey   | Entered a bailey
 13296 | Bailey   | Found an iron altar of Okawaru.
 13746 | Bailey   | Identified the Grimoire of the Glacier and the Entourage
 13813 | D:14     | Reached XP level 14. HP: 102/102 MP: 19/19
 13868 | D:14     | HP: 7/153 [efreet/scimitar of flaming (1)]
 14587 | D:15     | Entered Level 15 of the Dungeon
 14593 | D:15     | Found a labyrinth entrance.
 14634 | Lab      | Entered a labyrinth
 14669 | Lab      | Got a faintly glowing copper ring
 14670 | Lab      | Identified the ring of Itsaudig {Ice *Corrode +Blink Slay+5 Stlth-} (You found it in a labyrinth)
 14759 | Lab      | Got a scorched platinum ring
 14763 | Lab      | Identified the Collected Works on Igneous Flight
 14764 | Lab      | Got a twitching turquoise ring
 14764 | Lab      | Got a slimy marble ring
 14900 | D:15     | Found Mirah's Jewellery Boutique.
 14941 | D:15     | Found Nabucuco's Jewellery Shoppe.
 15012 | D:15     | Found a staircase to the Depths.
 15012 | D:15     | Noticed a fire giant
 15053 | D:15     | Killed a fire giant
 15074 | D:15     | HP: 3/153 [death knight/enchanted great mace (9)]
 15078 | D:15     | Mangled by a death knight

Skill      XL: |  1  2  3  4  5  6  7  8  9 10 11 12 13 14 |
---------------+-------------------------------------------+-----
Axes           | 3 4 5 6 7 8 9 11 12 14 15 | 15.9
Dodging        | 1 2 3 4 5 6 7 8 9 10 | 10.8
Armour         | 4 5 6 7 8 9 10 11 12 | 12.2
Shields        | 4 5 6 7 8 9 10 11 12 | 12.2
Invocations    | 1 3 4 5 6 7 9 |  9.5
Evocations     | 1 2 3 4 6 7 8 |  8.6
Spellcasting   | 1 2 |  2.0
Fighting       | |  3.6

Action                   |  1- 3 |  4- 6 |  7- 9 | 10-12 | 13-15 || total
-------------------------+-------+-------+-------+-------+-------++-------
Melee: War axe           |    80 |   115 |   337 |   211 |       ||   743
       Headbutt          |    10 |    10 |    90 |   145 |   107 ||   362
       Broad axe         |       |       |       |   211 |   387 ||   598
Invok: Slouch            |       |       |       |     3 |     3 ||     6
 Abil: Evoke Blink       |       |       |       |     3 |       ||     3
Evoke: Wand              |       |       |       |    11 |     6 ||    17
  Use: Scroll            |       |     9 |     1 |    24 |     7 ||    41
       Potion            |       |       |       |     5 |     8 ||    13
  Eat: Chunk             |     1 |     3 |     7 |     8 |     8 ||    27
       Ration            |       |     1 |       |     1 |       ||     2
Armor: Scale mail        |    47 |    42 |       |       |       ||    89
       Plate armour      |       |     2 |   154 |   198 |   147 ||   501
       Skin              |       |       |       |       |    26 ||    26
Dodge: Dodged            |    23 |    37 |   103 |   216 |   219 ||   598
Block: Shield            |    37 |    50 |   176 |   385 |   387 ||  1035
